 Dungeon Crawl Stone Soup version 0.19.4-12-gccf7e64 (webtiles) character file.

1738 sankara the Insei (level 8, -1/68 HPs)
             Began as a Black Draconian Transmuter on Feb 27, 2017.
             Was an Initiate of Ru.
             Slain by a sky beast (2 damage)
             ... on level 6 of the Dungeon.
             The game lasted 00:15:43 (6608 turns).

sankara the Insei (Black Draconian Transmuter)      Turns: 6608, Time: 00:15:43

Health: -1/68      AC:  2    Str: 13    XL:     8   Next: 77%
Magic:  10/15      EV: 22    Int: 14    God:    Ru [......]
Gold:   270        SH:  0    Dex: 18    Spells: 3 memorised, 10 levels left

rFire  . . .     SeeInvis .       - Unarmed
rCold  . . .     Gourm    .     (armour unavailable)
rNeg   . . .     Faith    .     (shield currently unavailable)
rPois  x         Spirit   .     (helmet currently unavailable)
rElec  .         Reflect  .     (cloak currently unavailable)
rCorr  .         Harm     .     (gloves currently unavailable)
MR     .....                    (boots currently unavailable)
Stlth  ++........               (no amulet)
                                (no ring)
                                s - +3 ring of evasion

@: spider-form
A: (breathe lightning), unfitting armour, (electricity resistance),
(cold-blooded), AC +6
a: End Transformation, Renounce Religion


You were on level 6 of the Dungeon.
You worshipped Ru.
Ru was noncommittal.
You were hungry.
You were a venomous arachnid creature.
You visited 2 branches of the dungeon, and saw 8 of its levels.

You collected 270 gold pieces.

Inventory:

Missiles
 a - 90 arrows
Armour
 o - a +0 cloak (melded)
 q - a +2 pair of boots (melded)
Jewellery
 s - a +3 ring of evasion (left front leg)
Wands
 u - a wand of digging (13/24)
Scrolls
 g - 5 scrolls of identify
 l - a scroll of fog
 m - a scroll of enchant armour {unknown}
 n - 6 scrolls of remove curse
 r - 5 scrolls of magic mapping
 t - 3 scrolls of noise {unknown}
 w - a scroll of teleportation
 x - a scroll of recharging {unknown}
 y - a scroll of amnesia {unknown}
 B - a scroll of fear {unknown}
Potions
 d - 2 potions of heal wounds {unknown}
 e - 2 potions of invisibility {unknown}
 i - a potion of flight {unknown}
 k - a potion of lignification {unknown}
 p - a potion of cure mutation {unknown}
 v - 2 potions of curing {unknown}
 A - a potion of mutation {unknown}
Books
 b - a book of Changes

   Spells                             Type                      Level
   a - Beastly Appendage              Transmutation                1
   b - Sticks to Snakes               Transmutation                2
   c - Spider Form                    Transmutation/Poison         3
   d - Ice Form                       Ice/Transmutation            4
   e - Blade Hands                    Transmutation                5
Comestibles
 c - 2 bread rations
 f - 2 meat rations
 h - 5 beef jerkies
 j - 2 royal jellies
 z - a slice of pizza
 D - 6 fruits


   Skills:
 + Level 5.2 Fighting
 - Level 1.7 Dodging
 * Level 7.9 Unarmed Combat
 + Level 4.6 Spellcasting
 + Level 5.6 Transmutations


You had 10 spell levels left.
You knew the following spells:

 Your Spells              Type           Power        Failure   Level  Hunger
a - Beastly Appendage     Tmut           ###...       8%          1    None
b - Sticks to Snakes      Tmut           ###.....     10%         2    ##.....
c - Spider Form           Tmut/Pois      ##........   41%         3    ###....


Dungeon Overview and Level Annotations

Branches:
Dungeon (7/15)             Temple (1/1) D:5

Altars:
Cheibriados
Dithmenos
Fedhas
Gozag
Hepliaklqana
Kikubaaqudgha
Makhleb
Nemelex Xobeh
Okawaru
Qazlal
Ru
Sif Muna
Trog
Uskayaw
Vehumet
Xom
Yredelemnul
Zin

Shops:
D:6 }   D:7 %


Innate Abilities, Weirdness & Mutations

((You can breathe wild blasts of lightning.))
((Your glossy black scales are hard. (AC +6)))
You cannot fit into any form of body armour.
((You are resistant to electric shocks. (rElec)))
((You are cold-blooded and may be slowed by cold attacks.))


Message History

You kill the adder!
Something hits you.
* * * LOW HITPOINT WARNING * * *
Something shocks you.
* * * LOW HITPOINT WARNING * * *
You closely miss something. Something closely misses you.
You bite something!
A sky beast appears from thin air!
Reactivating autopickup.
The sky beast closely misses you.
You hit the sky beast.
The sky beast is heavily wounded.
The sky beast flickers out of sight!
Deactivating autopickup; reactivate with Ctrl-A.
Something hits you.
* * * LOW HITPOINT WARNING * * *
Something shocks you.
* * * LOW HITPOINT WARNING * * *
You miss something. You barely miss something. Something hits you.
You die...

..................##
#####...#########..####
##....### ##....#####
##.....).# #..#......###
##........# #..#####....#
#.........# ##.## ######
##.........# #..#
#....[.....# #..#
#..........# #s## ####
...........# ###{### #..#
..........## #..J..### #..#
..........# ##.......### #.##
..........# #..........####.#
.........####...........##..#
.........###.............#..#
........###.................#
).......#...)..............##


You could see a jelly.

Vanquished Creatures
  Sigmund (D:3)
  2 sky beasts
  A phantom (D:6)
  4 ogres
  A centaur (D:6)
  A bullfrog (D:6)
  A water moccasin zombie (D:6)
  A howler monkey (D:4)
  A crimson imp (D:5)
  3 hounds
  3 orc priests
  4 orc wizards
  Ijyb (D:2)
  3 worker ants
  An iguana (D:3)
  A hound zombie (D:5)
  A howler monkey zombie (D:6)
  4 gnolls (D:6)
  A howler monkey skeleton (D:6)
  11 adders
  An ooze (D:2)
  2 adder skeletons
  5 dart slugs
  A worm (D:5)
  4 leopard geckos
  11 orcs
  3 giant cockroaches
  8 goblins
  5 hobgoblins
  15 jackals
  8 kobolds
  3 quokkas
  A ball python (D:5)
  10 bats
  5 frilled lizards
  A jackal skeleton (D:4)
  A leopard gecko skeleton (D:4)
  9 rats
139 creatures vanquished.

Notes
Turn   | Place    | Note
-------+----------+-------------------------------------------
     0 | D:1      | sankara the Draconian Transmuter began the quest for the Orb.
     0 | D:1      | Reached XP level 1. HP: 16/16 MP: 3/3
     2 | D:1      | Noticed an ogre
     4 | D:1      | Noticed a halfling
     6 | D:1      | Noticed a centaur
     6 | D:1      | Noticed a merfolk
     8 | D:1      | Noticed a vine stalker
    10 | D:1      | Noticed a draconian
    10 | D:1      | Noticed a gargoyle
    12 | D:1      | Noticed a formicid
    14 | D:1      | Noticed a felid
    14 | D:1      | Noticed a tengu
    16 | D:1      | Noticed a naga
    16 | D:1      | Noticed a troll
    18 | D:1      | Noticed a human
    18 | D:1      | Noticed an elf
    20 | D:1      | Noticed a demonspawn
    20 | D:1      | Noticed a demigod
    22 | D:1      | Noticed a minotaur
    22 | D:1      | Noticed an octopode
    24 | D:1      | Noticed a ghoul
    24 | D:1      | Noticed a spriggan
    26 | D:1      | Noticed a dwarf
    26 | D:1      | Noticed a vampire
   255 | D:1      | Reached XP level 2. HP: 18/23 MP: 5/5
   594 | D:1      | Reached XP level 3. HP: 21/29 MP: 6/6
  1219 | D:2      | Learned a level 2 spell: Sticks to Snakes
  1442 | D:2      | You fall through a shaft!
  1450 | D:3      | Reached XP level 4. HP: 37/37 MP: 5/7
  1570 | D:2      | Noticed Ijyb
  1592 | D:2      | Killed Ijyb
  1592 | D:2      | Reached skill level 4 in Unarmed Combat
  1833 | D:2      | Noticed a dagger
  1833 | D:2      | Noticed a hand axe
  1835 | D:2      | Found a hide-covered altar of Uskayaw.
  1927 | D:2      | Reached XP level 5. HP: 42/42 MP: 8/8
  2215 | D:3      | Learned a level 3 spell: Spider Form
  2330 | D:3      | Noticed Sigmund
  2610 | D:3      | Killed Sigmund
  2610 | D:3      | Reached skill level 5 in Unarmed Combat
  2610 | D:3      | Reached XP level 6. HP: 20/51 MP: 8/10
  2847 | D:3      | Found a deep blue altar of Sif Muna.
  3731 | D:4      | Your scales start taking on a glossy black colour.
  3731 | D:4      | Reached XP level 7. HP: 57/57 MP: 11/11
  3731 | D:4      | Gained mutation: You are resistant to electric shocks. (rElec) [Black Draconian growth]
  4141 | D:5      | Entered Level 5 of the Dungeon
  4214 | D:5      | Reached skill level 6 in Unarmed Combat
  4902 | D:5      | Found a staircase to the Ecumenical Temple.
  5043 | Temple   | Entered the Ecumenical Temple
  5217 | Temple   | Became a worshipper of Ru the Awakened
  5333 | D:6      | Reached XP level 8. HP: 41/66 MP: 6/13
  5522 | D:6      | Reached skill level 5 in Transmutations
  5660 | D:6      | Found Sapuf's Gadget Emporium.
  5729 | D:6      | Reached skill level 7 in Unarmed Combat
  6174 | D:6      | Reached skill level 5 in Fighting
  6549 | D:7      | Found Joar's Food Emporium.
  6606 | D:6      | HP: 1/68 [something (5)]
  6608 | D:6      | Slain by a sky beast

Skill      XL: |  1  2  3  4  5  6  7  8 |
---------------+-------------------------+-----
Fighting       | 2 3 4 5 |  5.2
Transmutations | 3 4 5 |  5.6
Unarmed Combat | 4 5 6 7 |  7.9
Spellcasting   | 3 4 |  4.6
Dodging        | |  1.7

Action                   |  1- 3 |  4- 6 |  7- 9 || total
-------------------------+-------+-------+-------++-------
Melee: Unarmed           |   166 |   222 |   269 ||   657
       Tailslap          |    20 |    24 |    29 ||    73
       Headbutt          |     2 |    11 |     5 ||    18
       Punch             |     2 |     3 |     5 ||    10
 Cast: Beastly Appendage |     7 |     5 |     5 ||    17
       Spider Form       |       |       |     5 ||     5
  Use: Scroll            |     6 |     1 |       ||     7
 Stab: Sleeping          |     1 |       |       ||     1
  Eat: Chunk             |     2 |     7 |    10 ||    19
Armor: Skin              |    79 |    68 |    61 ||   208
Dodge: Dodged            |   158 |   161 |   231 ||   550
